 Dungeon Crawl Stone Soup version 0.29-a0-575-g0dc89cf053 (webtiles) character file.

Game seed: 4094774904436273808

52 Querens the Covered (level 4, -5/40 HPs)
             Began as a Meteoran Fighter on June 13, 2022.
             Killed from afar by an orc wizard (13 damage)
             ... with a puff of flame
             ... on level 2 of the Dungeon.
             The game lasted 00:01:40 (568 turns).

Querens the Covered (Meteoran Fighter)               Turns: 568, Time: 00:01:41

Health: -5/40      AC:  7    Str: 20    XL:     4   Next: 29%
Magic:  5/5        EV:  9    Int:  9    God:
Gold:   79         SH:  0    Dex: 13    Spells: 3/3 levels left

rFire   . . .      SeeInvis .   a - +0 war axe
rCold   . . .      Faith    .   c - +0 buckler
rNeg    . . .      Spirit   .   b - +0 scale mail
rPois   .          Reflect  .   (no helmet)
rElec   .          Harm     .   (no cloak)
rCorr   .          Rampage  .   (no gloves)
Will    .....                   (no boots)
Stlth   ..........              (no amulet)
HPRegen 0.13/turn               (no ring)
MPRegen 0.09/turn               (no ring)

@: confused, lethally poisoned (-5 -> -6), glowing
A: sense surroundings 1, otherworldly, glowing, explore regen
a: no special abilities


You were on level 2 of the Dungeon.
You visited 1 branch of the dungeon, and saw 2 of its levels.

You collected 79 gold pieces.

Inventory:

Hand Weapons
 a - a +0 war axe (weapon)
Armour
 b - a +0 scale mail (worn)
 c - a +0 buckler (worn)
Scrolls
 e - a scroll of enchant armour {unknown}
 h - a scroll of identify {unknown}
Potions
 d - 2 potions of might


   Skills:
 + Level 3.8 Fighting
 + Level 3.2 Axes
 + Level 4.2 Armour
 + Level 4.2 Shields


You had 3 spell levels left.
You didn't know any spells.
Your spell library was empty.

Dungeon Overview and Level Annotations

Branches:
Dungeon (2/15)

Altars:


Innate Abilities, Weirdness & Mutations

You passively map a small area around you.
You are easily found by Zot.
You glow in the dark.
You regain HP and MP as you explore.


Message History

You feel very sick. The adder barely misses you.
The orc wizard hits you with a +0 dagger.
The adder barely misses you.
Your Axes skill increases to level 3!
Your Armour skill increases to level 4!
Your Shields skill increases to level 4!
You have reached level 4!
You hit the orc wizard but do no damage.
You slash the adder!
You feel very sick. The adder closely misses you.
You block the orc wizard's attack. The adder bites you but does no damage.
Unknown command.
You barely miss the orc wizard. You barely miss the adder.
You feel sick. The orc wizard casts a spell at you.
You are confused.
The adder bites you but does no damage.
The orc wizard hits you with a +0 dagger.
* * * LOW HITPOINT WARNING * * *
Unknown command.
Unknown command.
You bump into the rock wall.
You feel sick. The adder bites you but does no damage.
The orc wizard barely misses you. The adder bites you but does no damage.
Unknown command.
Unknown command.
You feel sick.
Unknown command.
Unknown command.
You hit the adder.
You kill the adder!
You feel sick.
The orc wizard gestures at you while chanting.
The magic dart hits something.
Unknown command.
Unknown command.
You bump into the rock wall.
You feel sick.
The orc wizard gestures at you while chanting.
The puff of flame hits you!
You die...

, ,#.. , ,,
#.. , * #..,
, *,,#.### *
* , #..., ,
,>#..##### *
* #o.....# *
#†#### *
#.@.(#, *
#######.#,
**
,#<......#,
*,#########*
, , * * * *
, ** * ,


You could see an orc wizard.

Vanquished Creatures
  Jessica (D:2)
  An adder (D:2)
  An endoplasm (D:1)
  A giant cockroach (D:1)
  2 hobgoblins (D:1)
  A quokka (D:1)
  2 ball pythons (D:1)
  2 bats (D:1)
  2 frilled lizards (D:1)
  2 goblins (D:1)
  3 kobolds (D:1)
  2 rats (D:1)
20 creatures vanquished.

Notes
Turn   | Place    | Note
-------+----------+-------------------------------------------
     0 | D:1      | Querens the Meteoran Fighter began the quest for the Orb.
     0 | D:1      | Reached XP level 1. HP: 19/19 MP: 2/2
   107 | D:1      | Reached XP level 2. HP: 25/26 MP: 3/3
   482 | D:1      | Glimpsed the power of Zot.
   510 | D:1      | Reached XP level 3. HP: 17/31 MP: 4/4
   529 | D:1      | Glimpsed the power of Zot.
   557 | D:2      | Noticed Jessica
   562 | D:2      | Killed Jessica
   563 | D:2      | Reached XP level 4. HP: 17/40 MP: 5/5
   568 | D:2      | Killed from afar by an orc wizard

Illustrated notes

Levels and vault maps discovered:
D:1:      nicolae_arrival_memento_mori, layout_basic
D:2:      layout_basic, uniq_jessica

Skill      XL: |  1  2  3 |
---------------+----------+-----
Axes           | 3 |  3.2
Armour         | 4 |  4.2
Shields        | 4 |  4.2
Fighting       | |  3.8

Action                   |  1- 3 |  4- 6 || total
-------------------------+-------+-------++-------
Melee: War axe           |    53 |     3 ||    56
  Use: Potion            |     2 |       ||     2
Armor: Scale mail        |    53 |     4 ||    57
Dodge: Dodged            |    30 |     2 ||    32
Block: Buckler           |    10 |     1 ||    11

Table legend: (Time is in decaauts)
 A = Elapsed time spent in this place.
 B = Non-inter-level travel time spent in this place.
 C = Inter-level travel time spent in this place.
 D = Time resting spent in this place.
 E = Time spent auto-exploring this place.
 F = Levels seen in this place.
 G = Mean time per level.
                   A        B        C        D        E       F      G
               +--------+--------+--------+--------+--------+-----+--------+
         Total |    591 |    442 |    149 |      0 |      0 |   2 |  295.5 |
       Dungeon |    591 |    442 |    149 |      0 |      0 |   2 |  295.5 |
               +--------+--------+--------+--------+--------+-----+--------+

Top non-repeatable levels by time:
     D:1: 568 daAuts
     D:2: 22 daAuts
